 Dungeon Crawl Stone Soup version 0.27-a0-412-g8dd771eca2 (webtiles) character file.

Game seed: 15151304884661340158

1 Anon1729 the Grave Robber (level 1, -1/13 HPs)
             Began as a Gnoll Necromancer on Feb 24, 2021.
             Slain by a hobgoblin (2 damage)
             ... on level 1 of the Dungeon.
             The game lasted 00:00:06 (35 turns).

Anon1729 the Grave Robber (Gnoll Necromancer)         Turns: 35, Time: 00:00:07

Health: -1/13      AC:  2    Str:  7    XL:     1   Next: 20%
Magic:  3/6        EV: 13    Int: 14    God:
Gold:   0          SH:  0    Dex: 12    Spells: 8/9 levels left

rFire    . . .     SeeInvis .   (no weapon)
rCold    . . .     Faith    .   (no shield)
rNeg     . . .     Spirit   .   a - +0 robe
rPois    .         Reflect  .   (no helmet)
rElec    .         Harm     .   (no cloak)
rCorr    .         Rampage  .   (no gloves)
Will     .....                  (no boots)
Stlth    ++........             (no amulet)
HPRegen  0.04/turn              (no ring)
MPRegen  0.10/turn              (no ring)

@: no status effects
A: distributed training, fangs 1, strong nose
a: no special abilities


You were on level 1 of the Dungeon.
You visited 1 branch of the dungeon, and saw 1 of its levels.

Inventory:

Armour
 a - a +0 robe (worn)


   Skills:
 + Level 0.0 Fighting
 + Level 0.0 Short Blades
 + Level 0.0 Long Blades
 + Level 0.0 Axes
 + Level 0.0 Maces & Flails
 + Level 0.0 Polearms
 + Level 0.0 Staves
 + Level 0.0 Slings
 + Level 0.0 Bows
 + Level 0.0 Crossbows
 + Level 0.0 Throwing
 + Level 0.0 Armour
 + Level 4.4 Dodging
 + Level 4.0 Stealth
 + Level 0.0 Shields
 + Level 0.0 Unarmed Combat
 + Level 4.8 Spellcasting
 + Level 0.0 Conjurations
 + Level 0.0 Hexes
 + Level 0.0 Summonings
 + Level 7.0 Necromancy
 + Level 0.0 Translocations
 + Level 0.0 Transmutations
 + Level 0.0 Fire Magic
 + Level 0.0 Ice Magic
 + Level 0.0 Air Magic
 + Level 0.0 Earth Magic
 + Level 0.0 Poison Magic
 + Level 0.0 Invocations
 + Level 0.0 Evocations


You had 8 spell levels left.
You knew the following spells:

 Your Spells              Type           Power        Failure   Level
a - Pain                  Necr           92%          1%          1

Your spell library contained the following spells:

 Spells                   Type           Power        Failure   Level
 Animate Skeleton         Necr           46%          1%          1
 Vampiric Draining        Necr           11%          3%          3
 Animate Dead             Necr           11%          10%         4
 Agony                    Necr           23%          26%         5


Dungeon Overview and Level Annotations

Branches:
Dungeon (1/15)

Altars:


Innate Abilities, Weirdness & Mutations

Your experience applies equally to all skills.
You have very sharp teeth.
Your uncanny sense of smell can sniff out nearby items.


Message History

A hobgoblin comes into view. It is wielding a +0 club.
A hobgoblin is nearby!
A hobgoblin is nearby!
A hobgoblin comes into view.
The hobgoblin shouts! x2
The hobgoblin hits you with a +0 club.
Found a dagger.
You hit the hobgoblin but do no damage. You hit the hobgoblin.
The hobgoblin is moderately wounded.
The hobgoblin hits you with a +0 club.
You closely miss the hobgoblin.
The hobgoblin is moderately wounded.
The hobgoblin hits you with a +0 club.
* * * LOW HITPOINT WARNING * * *
You are too injured to fight recklessly!
You are too injured to fight recklessly!
You are too injured to fight recklessly!
You are too injured to fight recklessly!
There are monsters nearby!
Casting: Pain (safe; 1% risk of failure)
Confirm with . or Enter, or press ? or * to list all spells.
Aiming: Pain (safe; 1% risk of failure)
Press: ? - help, Shift-Dir - straight line, f - hobgoblin
Aim: a hobgoblin, wielding a +0 club (moderately wounded, chance to affect: 92%)
The hobgoblin writhes in agony!
You kill the hobgoblin!
Casting: Pain (safe; 1% risk of failure)
Confirm with . or Enter, or press ? or * to list all spells.
Aiming: Pain (safe; 1% risk of failure)
Press: ? - help, Shift-Dir - straight line, f - hobgoblin
Aim: a hobgoblin (chance to affect: 92%)
The hobgoblin writhes in agony.
Casting: Pain (safe; 1% risk of failure)
Confirm with . or Enter, or press ? or * to list all spells.
Aiming: Pain (safe; 1% risk of failure)
Press: ? - help, Shift-Dir - straight line, f/p - hobgoblin
Aim: a hobgoblin (moderately wounded, chance to affect: 92%)
The hobgoblin barely resists.
The hobgoblin hits you.
You die...

#.# #.#######.
#......... .
####.##########.)
∆
##....#######....
#.....#........#
#####.#........#
#.#....)...#
#.#...@g...#
#..........#
#..........#
#...#####.##
#...# .# #...# #
#...# #.### #.#


You could see a hobgoblin.

Vanquished Creatures
  A hobgoblin (D:1)
1 creature vanquished.

Notes
Turn   | Place    | Note
-------+----------+-------------------------------------------
     0 | D:1      | Anon1729 the Gnoll Necromancer began the quest for the Orb.
     0 | D:1      | Reached XP level 1. HP: 13/13 MP: 6/6
    35 | D:1      | Slain by a hobgoblin

Illustrated notes

Levels and vault maps discovered:
D:1:      amcnicky_arrival_flooded_fountain, layout_basic, serial_curves,
          eino_curves_01, eino_curves_03, serial_bayou_pond_c, st_stairs_6

Action                   || total
-------------------------++-------
Melee: Unarmed           ||     3
 Cast: Pain              ||     3

Table legend: (Time is in decaauts)
 A = Elapsed time spent in this place.
 B = Non-inter-level travel time spent in this place.
 C = Inter-level travel time spent in this place.
 D = Time resting spent in this place.
 E = Time spent auto-exploring this place.
 F = Levels seen in this place.
 G = Mean time per level.
                   A        B        C        D        E       F      G
               +--------+--------+--------+--------+--------+-----+--------+
         Total |     35 |     35 |      0 |      0 |     24 |   1 |   35.0 |
       Dungeon |     35 |     35 |      0 |      0 |     24 |   1 |   35.0 |
               +--------+--------+--------+--------+--------+-----+--------+

Top non-repeatable levels by time:
     D:1: 35 daAuts
